 Dungeon Crawl Stone Soup version 0.25.0-9-g26727b657a (webtiles) character file.

Game seed: 11438509144450113871

7891 mortelune the Grappler (level 11, -5/95 (97) HPs)
             Began as a Ghoul Warper on June 20, 2020.
             Was a Believer of Makhleb.
             Slain by a tentacled starspawn (9 damage)
             ... on level 3 of the Abyss.
             The game lasted 00:29:02 (14032 turns).

mortelune the Grappler (Ghoul Warper)              Turns: 14032, Time: 00:29:03

HP:   -5/95 (97)    AC: 11    Str: 18    XL:     11   Next: 22%
MP:   21/21         EV:  9    Int: 14    God:    Makhleb [**....]
Gold: 310           SH:  0    Dex:  8    Spells: 11/13 levels left

rFire    . . .     SeeInvis .     - Unarmed
rCold    + . .     Gourm    .   (no shield)
rNeg     + + +     Faith    .   c - +1 scale mail
rPois    ∞         Spirit   .   l - +2 hat
rElec    .         Reflect  .   z - +0 cloak {rPois}
rCorr    .         Harm     .   (no gloves)
MR       .....                  (no boots)
Stlth    ..........             (no amulet)
HPRegen  0.00/turn              A - +4 ring of slaying
MPRegen  0.17/turn              i - ring "Cagass" {MP+9 Int+5}

@: about to teleport, rotting, heavily drained
A: rotting body, claws 1, carnivore, cold resistance 1, negative energy
resistance 3, inhibited regeneration, torment resistance, unbreathing
a: Minor Destruction, Renounce Religion


You were on level 3 of the Abyss.
You worshipped Makhleb.
Makhleb was pleased with you.
You were hungry.

You visited 2 branches of the dungeon, and saw 12 of its levels.
You visited the Abyss 1 time.
You also visited: Gauntlet.

You collected 520 gold pieces.
You spent 210 gold pieces at shops.

Inventory:

Hand Weapons
 n - a +0 flail
 y - a +3 scimitar of flaming
 F - a +1 hunting sling
 H - the +1 battleaxe of Discord {freeze, rPois rF+ rN+ Int+4}
   (You found it on level 9 of the Dungeon)

   It has been specially enchanted to freeze those struck by it, causing extra
   injury to most foes and up to half again as much damage against particularly
   susceptible opponents.
   It can also slow down cold-blooded creatures.
   It affects your intelligence (+4).
   It protects you from fire.
   It protects you from poison.
   It protects you from negative energy.
Missiles
 d - 7 boomerangs of dispersal
 g - 20 boomerangs (quivered)
Armour
 a - a +0 leather armour
 c - a +1 scale mail (worn)
 l - a +2 hat (worn)
 z - a +0 cloak of poison resistance (worn)
Jewellery
 e - the ring "Sorphoal" {Fire *Drain rN+ Int+9 Slay-3}
   (You found it in a Gauntlet)

   [ring of fire]

   It enhances your fire magic.
   It affects your intelligence (+9).
   It affects your accuracy and damage with ranged weapons and melee attacks
   (-3).
   It protects you from fire.
   It makes you vulnerable to cold.
   It protects you from negative energy.
   It causes draining when unequipped.
 i - the ring "Cagass" (right claw) {MP+9 Int+5}
   (You found it in a Gauntlet)

   [ring of magical power]

   It affects your intelligence (+5).
   It affects your magic capacity (+9).
 A - a +4 ring of slaying (left claw)
 E - an uncursed ring of attention
 G - an uncursed ring of flight
Wands
 r - a wand of flame (12)
 v - a wand of random effects (35)
 C - a wand of clouds (8)
 D - a wand of digging (6)
Scrolls
 b - 6 scrolls of remove curse
 f - 7 scrolls of fog
 t - 2 scrolls of teleportation
 u - a scroll of magic mapping
 x - a scroll of enchant armour
 B - 2 scrolls of blinking
Potions
 h - a potion of haste
 j - 2 potions of might
 k - a potion of cancellation
 m - a potion of magic
 p - a potion of curing
 q - 2 potions of mutation
 s - 3 potions of brilliance
 w - 2 potions of lignification
 I - 2 potions of stabbing
 J - a potion of heal wounds {unknown}
Comestibles
 o - 22 rations


   Skills:
 + Level 9.5(7.6) Fighting
 - Level 0.8(0.0) Throwing
 + Level 7.8(5.9) Armour
 - Level 1.7(0.1) Dodging
 * Level 12.9(10.8) Unarmed Combat
 - Level 1.7(0.1) Spellcasting
 - Level 2.6(1.0) Translocations
 + Level 1.3(0.0) Invocations


You had 11 spell levels left.
You knew the following spells:

 Your Spells              Type           Power        Failure   Level  Hunger
a - Blink                 Tloc           N/A          63%         2    ###....

Your spell library contained the following spells:

 Spells                   Type           Power        Failure   Level  Hunger
 Magic Dart               Conj           #...         63%         1    ##.....
 Sandblast                Erth           #.....       63%         1    ##.....
 Shroud of Golubria       Chrm/Tloc      #.....       71%         2    ###....
 Call Imp                 Summ           #.......     77%         2    ###....
 Passwall                 Tmut/Erth      #.......     77%         2    ###....
 Slow                     Hex            #.......     77%         2    ###....
 Gell's Gravitas          Tloc           #.........   85%         3    ####...
 Lesser Beckoning         Tloc           #.........   85%         3    ####...
 Teleport Other           Tloc           #.......     85%         3    ####...
 Conjure Flame            Conj/Fire      #.......     94%         3    ####...
 Mephitic Cloud           Conj/Pois/Air  #.......     94%         3    ####...
 Stone Arrow              Conj/Erth      #.....       94%         3    ####...
 Passage of Golubria      Tloc           N/A          99%         4    #####..
 Petrify                  Tmut/Erth      #.......     100%        4    #####..
 Lee's Rapid Deconstruct  Erth           #.........   100%        5    ######.


Dungeon Overview and Level Annotations

Branches:
Dungeon (11/15)            Temple (1/1) D:6             Orc (0/2) D:11
Gauntlet (visited)
   Lair: D:8-11

Altars:
Ashenzari
Cheibriados
Dithmenos
Elyvilon
Fedhas
Gozag
Hepliaklqana
Kikubaaqudgha
Makhleb
Nemelex Xobeh
Okawaru
Qazlal
Ru
Sif Muna
Trog
Uskayaw
Vehumet
Wu Jian
Xom
Zin
The Shining One

Shops:
D:8 [   D:10 ([(=[

Annotations:
D:4 1 runed translucent door, Crazy Yiuf Gauntlet 7 transporters, 2 runed translucent doors


Innate Abilities, Weirdness & Mutations

Your body is rotting away.
You thrive on raw meat.
You are immune to poison.
You have sharp fingernails.
You are carnivorous and can eat meat at any time.
Your flesh is cold resistant. (rC+)
You are immune to negative energy. (rN+++)
You do not regenerate when monsters are visible.
You are immune to unholy pain and torment.
You can survive without breathing.


Message History

You feel the power of the Abyss delaying your translocation!
Tentacles burst from the starspawn's body! 2 starspawn tentacles come into view.
The starspawn tentacle grabs you.
* * * LOW HITPOINT WARNING * * *
The starspawn tentacle constricts you.
You escape the starspawn tentacle's grasp.
The starspawn tentacle grabs you.
* * * LOW HITPOINT WARNING * * *
The starspawn tentacle constricts you.
The starspawn tentacle's grasp on you weakens, but your attempt to escape fails.
The tentacle pulls you backwards! The starspawn tentacle constricts you.
You escape the starspawn tentacle's grasp.
The starspawn tentacle grabs you. The starspawn tentacle constricts you.
A thrashing horror comes into view.
You escape the starspawn tentacle's grasp.
The thrashing horror roars!
You hear a roar!
The tentacled starspawn barely misses you.
The tentacled starspawn engulfs you!
You die...

#. ...##.##.#.##
..#.# ###.#......
≈≈≈ .##...#......
###.##.#.. . . ≈
# #.X##..# #####
≈.♣≈ #...#.. #.#
≈≈≈≈≈ #..#.#...
#.≈.#XwX.#.#
#..§w@.#.
#≈≈...####....#..
...#≈#### ...##..
# #.. ...# ##
..## ... ... ..


You could see a tentacled starspawn, a thrashing horror and 2 starspawn
tentacles.

Vanquished Creatures
  A hydra (Gauntlet)
  Erica (D:8)
  A slime creature (D:9)
  2 hippogriffs (D:9)
  5 yaks (D:9)
  2 hungry ghosts
  A steam dragon (D:10)
  A water moccasin (D:10)
  A black bear (D:6)
  3 orc warriors
  3 phantoms
  A necrophage (D:7)
  7 sky beasts
  4 ice beasts
  6 ogres
  2 centaurs (D:7)
  A big kobold (D:9)
  Blork the orc (D:5)
  3 bullfrogs
  A scorpion (D:9)
  10 killer bees (D:8)
  3 howler monkeys
  7 crimson imps
  5 jellies
  A quasit (D:7)
  2 orc priests (D:5)
  8 hounds
  2 bullfrog zombies
  A bullfrog skeleton (D:5)
  2 centaur skeletons
  An iguana (D:6)
  8 orc wizards
  7 worker ants
  A worker ant zombie (D:9)
  5 adders
  A shadow imp (D:9)
  5 oozes (D:9)
  2 adder zombies
  3 worms
  3 dart slugs
  4 leopard geckos
  31 orcs
  8 bats
  6 giant cockroaches
  9 hobgoblins
  4 jackals
  3 quokkas
  6 frilled lizards
  10 goblins
  9 kobolds
  6 rats
220 creatures vanquished.

Notes
Turn   | Place    | Note
-------+----------+-------------------------------------------
     0 | D:1      | mortelune the Ghoul Warper began the quest for the Orb.
     0 | D:1      | Reached XP level 1. HP: 17/17 MP: 2/2
   155 | D:1      | Reached skill level 1 in Armour
   297 | D:1      | Reached XP level 2. HP: 19/25 MP: 3/3
  1084 | D:1      | Reached skill level 3 in Unarmed Combat
  1255 | D:1      | Reached XP level 3. HP: 29/30 MP: 4/4
  1623 | D:2      | Found a shadowy altar of Dithmenos.
  1779 | D:2      | Found a stormy altar of Qazlal.
  1842 | D:2      | Reached XP level 4. HP: 20/37 MP: 5/5
  2515 | D:2      | Learned a level 2 spell: Blink
  2769 | D:3      | Reached skill level 4 in Unarmed Combat
  3145 | D:4      | Reached XP level 5. HP: 33/45 MP: 6/6
  3252 | D:4      | Noticed a phantom
  3288 | D:5      | Entered Level 5 of the Dungeon
  3922 | D:4      | Noticed an ogre
  3931 | D:4      | Killed an ogre
  3931 | D:4      | Reached skill level 5 in Unarmed Combat
  3931 | D:4      | Reached XP level 6. HP: 34/52 MP: 7/7
  4414 | D:4      | Found a runed translucent door.
  4415 | D:4      | Noticed Crazy Yiuf
  4631 | D:5      | Reached XP level 7. HP: 58/60 MP: 8/8
  4739 | D:5      | Reached skill level 6 in Unarmed Combat
  5286 | D:5      | Reached skill level 5 in Fighting
  5680 | D:5      | Reached skill level 7 in Unarmed Combat
  5680 | D:5      | Reached XP level 8. HP: 48/66 MP: 9/9
  6026 | D:5      | Found a snail-covered altar of Cheibriados.
  6082 | D:5      | Found a shadowy altar of Dithmenos.
  6189 | D:5      | Noticed Blork the orc
  6200 | D:5      | Killed Blork the orc
  6354 | D:5      | Found an ornate altar of the Wu Jian Council.
  6509 | D:6      | Reached skill level 8 in Unarmed Combat
  7348 | D:5      | Reached skill level 5 in Armour
  7348 | D:5      | Reached XP level 9. HP: 64/78 MP: 10/10
  7420 | D:5      | Reached skill level 9 in Unarmed Combat
  7773 | D:6      | Found a hide-covered altar of Uskayaw.
  7773 | D:6      | Noticed a +0 dagger
  7773 | D:6      | Noticed a +0 hand axe
  7870 | D:6      | Found a staircase to the Ecumenical Temple.
  7879 | Temple   | Entered the Ecumenical Temple
  7919 | Temple   | Became a worshipper of Makhleb the Destroyer
  8996 | D:7      | Reached skill level 10 in Unarmed Combat
  9928 | D:8      | Reached XP level 10. HP: 72/88 MP: 11/11
 10051 | D:8      | Noticed Erica
 10055 | D:8      | Reached * piety under Makhleb
 10103 | D:8      | Killed Erica
 10103 | D:8      | Reached skill level 11 in Unarmed Combat
 10375 | D:8      | Found Zofeid's Antique Armour Boutique.
 10389 | D:8      | Bought a runed cloak for 210 gold pieces
 11286 | D:9      | Reached skill level 12 in Unarmed Combat
 11584 | D:9      | Got a bloodstained battleaxe
 11878 | D:9      | Reached XP level 11. HP: 94/97 MP: 12/12
 11887 | D:9      | Reached ** piety under Makhleb
 11901 | D:9      | Identified the +1 battleaxe of Discord {freeze, rPois rF+
                  | rN+ Int+4} (You found it on level 9 of the Dungeon)
 12028 | D:9      | Found a radiant altar of Vehumet.
 12170 | D:10     | Entered Level 10 of the Dungeon
 12170 | D:10     | Found Qeqaocy's Jewellery Shoppe.
 12365 | D:10     | Found Keneal's Armour Emporium.
 12386 | D:10     | Found Tutimoin's Antique Weapon Emporium.
 12827 | D:10     | Found Tibree Toun's Armour Boutique.
 12913 | D:10     | Found Nadwioro's Weapon Emporium.
 13154 | D:11     | Found a gate leading to a gauntlet.
 13165 | D:11     | Found a staircase to the Orcish Mines.
 13173 | Gauntlet | Entered a Gauntlet
 13173 | Gauntlet | Found a transporter.
 13179 | Gauntlet | Noticed a deep troll
 13181 | Gauntlet | Found a runed translucent door.
 13182 | Gauntlet | Found a transporter.
 13183 | Gauntlet | Found a transporter.
 13183 | Gauntlet | Noticed a four-headed hydra
 13184 | Gauntlet | Noticed a wolf spider
 13184 | Gauntlet | a deep troll changed into a wolf spider
 13185 | Gauntlet | Noticed a fire dragon
 13185 | Gauntlet | a wolf spider changed into a fire dragon
 13187 | Gauntlet | Found a transporter.
 13188 | Gauntlet | Found a runed translucent door.
 13188 | Gauntlet | Found a transporter.
 13188 | Gauntlet | a fire dragon changed into a slime creature
 13192 | Gauntlet | Noticed a faun
 13192 | Gauntlet | a swamp worm changed into a faun
 13194 | Gauntlet | Found a transporter.
 13196 | Gauntlet | Noticed a catoblepas
 13196 | Gauntlet | Noticed a shock serpent
 13196 | Gauntlet | a faun changed into a shock serpent
 13197 | Gauntlet | Found a transporter.
 13200 | Gauntlet | Found a transporter.
 13207 | Gauntlet | Noticed a death scarab
 13213 | Gauntlet | Noticed a death scarab
 13215 | Gauntlet | Found a transporter.
 13215 | Gauntlet | Noticed a balrug
 13232 | Gauntlet | Found a transporter.
 13236 | Gauntlet | Noticed a death drake
 13237 | Gauntlet | Found a transporter.
 13293 | Gauntlet | Found a transporter.
 13293 | Gauntlet | Found a transporter.
 13296 | Gauntlet | Found a runed translucent door.
 13298 | Gauntlet | Noticed an iron troll
 13299 | Gauntlet | Found a transporter.
 13299 | Gauntlet | Found a transporter.
 13300 | Gauntlet | Noticed a great orb of eyes
 13301 | Gauntlet | Noticed a dire elephant
 13301 | Gauntlet | an iron troll changed into a dire elephant
 13303 | Gauntlet | Found a transporter.
 13303 | Gauntlet | Noticed an iron troll
 13303 | Gauntlet | a dire elephant changed into an iron troll
 13306 | Gauntlet | Found a transporter.
 13309 | Gauntlet | Noticed a dire elephant
 13309 | Gauntlet | an iron troll changed into a dire elephant
 13314 | Gauntlet | a great orb of eyes changed into a slime creature
 13314 | Gauntlet | Noticed a sphinx
 13314 | Gauntlet | a dire elephant changed into a sphinx
 13326 | Gauntlet | Got a wavering turquoise ring
 13339 | Gauntlet | Killed a four-headed hydra
 13339 | Gauntlet | Reached skill level 1 in Invocations
 13562 | Gauntlet | Identified the ring "Cagass" {MP+9 Int+5} (You found it in
                  | a Gauntlet)
 13620 | Gauntlet | Got a steaming marble ring
 13920 | Gauntlet | Identified the ring "Sorphoal" {Fire *Drain rN+ Int+9
                  | Slay-3} (You found it in a Gauntlet)
 13985 | Gauntlet | Identified the +5 flail of Chaos {distort, Int+4}
 13985 | Gauntlet | Noticed a minotaur
 13986 | Gauntlet | Found the amulet of Vitality {Regen+ HP+15}
 14009 | Gauntlet | HP: 4/95 [minotaur/the +5 flail of Chaos {distort, Int+4}
                  | (36)]
 14009 | Gauntlet | Cast into level 3 of the Abyss (minotaur)
 14024 | Abyss:3  | Noticed a tentacled starspawn
 14029 | Abyss:3  | HP: 4/95 [starspawn tentacle[a tentacled starspawn] (1)]
 14032 | Abyss:3  | Noticed a thrashing horror
 14032 | Abyss:3  | Noticed a thrashing horror
 14032 | Abyss:3  | Slain by a tentacled starspawn

Illustrated notes

Levels and vault maps discovered:
D:1:      minmay_arrival_cross, layout_loops_corners
D:2:      layout_loops_ring, grunt_dithmenos_smoke_and_mirrors, first_ration,
          hangedman_decor_lopped, grunt_qazlal_sundering
D:3:      layout_rooms, minmay_misc_feat_pillars
D:4:      layout_loops_ring, uniq_crazy_yiuf_cottage
D:5:      layout_cave_pods, kennysheep_little_box, overflow_temple_1_default,
          kennysheep_diamond, uniq_blork_the_orc
D:6:      layout_cave_pools, dancing_weapons_uskayaw, minmay_temple_entry_tees
D:7:      layout_basic, grunt_decor_cap
D:8:      layout_cave_pods, serial_shops, shop_statue, uniq_erica
D:9:      layout_loops_cross, kennysheep_mini_moat,
          hangedman_little_slice_of_home, minmay_diamond_spiral
D:10:     layout_irregular_city, serial_co_window_serial, co_window_paths_b,
          co_window_paths_a, co_window_corner_a, co_window_paths_b,
          co_window_of_opportunity_a, co_window_corner_b,
          co_window_of_opportunity_c, co_window_paths_c,
          co_window_unsneaky_path_a, co_window_2corner, co_window_corner_ca,
          co_window_corner_b, co_window_paths_d, glass_columns_b,
          glass_columns_a, glass_columns_a, serial_shops, nicolae_shop_trees,
          shop, nicolae_shop_behind_doors, shop, nicolae_shop_stone
D:11:     wad_guarded_room, layout_basic, dpeg_oklobed_lair,
          gauntlet_entry_generic, serial_shops, shop
Temple:   nicolae_temple_x_marks_the_god
Abyss:3:  base: Temple, hangedman_eye_storm, evilmike_abyss_rune_ettins
Gauntlet: minmay_gauntlet_mixed_oops_all_seconds
          [minmay_gauntlet_arena_77_terracotta_army,
          gammafunk_gauntlet_arena_split_x, minmay_gauntlet_arena_77_cramped,
          nicolae_gauntlet_arena_t_cross, minmay_gauntlet_arena_77_p_blocks,
          gammafunk_gauntlet_arena_grid, gauntlet_exit_green]

Skill      XL: |  1  2  3  4  5  6  7  8  9 10 11 |
---------------+----------------------------------+-----
Armour         | 1 2 3 4 5 6 7 |  7.8
Unarmed Combat | 3 4 5 7 8 10 12 | 12.9
Fighting       | 3 4 5 6 7 9 |  9.5
Invocations    | 1 |  1.3
Throwing       | |  0.8
Dodging        | |  1.7
Spellcasting   | |  1.7
Translocations | |  2.6

Action                   |  1- 3 |  4- 6 |  7- 9 | 10-12 || total
-------------------------+-------+-------+-------+-------++-------
Melee: Unarmed           |   128 |   156 |   388 |   222 ||   894
       Punch             |     2 |     1 |     9 |    10 ||    22
Throw: Boomerang         |     1 |    20 |    40 |    12 ||    73
Evoke: Wand              |       |       |       |     5 ||     5
  Use: Scroll            |       |     9 |     8 |     7 ||    24
       Potion            |       |       |       |     4 ||     4
  Eat: Chunk             |    10 |     9 |    17 |     8 ||    44
       Ration            |       |       |       |     1 ||     1
Armor: Scale mail        |    43 |    67 |   174 |   107 ||   391
Dodge: Dodged            |    51 |    92 |   182 |    87 ||   412
